 Dungeon Crawl Stone Soup version 0.23.2-33-g5129a83184 (webtiles) character file.

Game seed: 14386013584605223615

532 psyvane the Stinger (level 7, -2/69 HPs)
             Began as a Merfolk Venom Mage on July 2, 2019.
             Was an Initiate of Nemelex Xobeh.
             Shot with an arrow by a centaur (6 damage)
             ... on level 5 of the Dungeon.
             The game lasted 00:26:16 (4762 turns).

psyvane the Stinger (Merfolk Venom Mage)            Turns: 4762, Time: 00:26:16

Health: -2/69      AC: 23    Str:  6 (9)  XL:     7   Next: 24%
Magic:  8/13       EV:  2    Int: 15 (18) God:    Nemelex Xobeh [......]
Gold:   232        SH:  0    Dex: 14 (17) Spells: 8/14 levels left

rFire    + . .     SeeInvis +   r - +0 trident (protect)
rCold    + . .     Gourm    .   (no shield)
rNeg     + + +     Faith    .   (armour currently unavailable)
rPois    +         Spirit   .   (helmet currently unavailable)
rElec    +         Reflect  .   (cloak currently unavailable)
rCorr    +         Harm     .   (gloves currently unavailable)
MR       .....     NoTele   +   (boots currently unavailable)
Stlth    ++........             (no amulet)
HPRegen  0.21/turn              g - ring of see invisible
MPRegen  0.13/turn              (no ring)

@: brilliant, tree-form, resistant, hasted, very quick
A: (change form in water), (swift swim), (stealthy swim), agile 1, dopey 1
a: Draw Escape, Draw Destruction, Draw Summoning, Renounce Religion


You were on level 5 of the Dungeon.
You worshipped Nemelex Xobeh.
Nemelex Xobeh was noncommittal.
You were not hungry.
You were a tree.
You visited 1 branch of the dungeon, and saw 6 of its levels.

You collected 232 gold pieces.

Inventory:

Hand Weapons
 r - a +0 trident of protection (weapon)
Armour
 j - a +1 leather armour of magic resistance (melded)
Jewellery
 g - a ring of see invisible (left branch)
 h - an uncursed amulet of magic regeneration {unknown}
Scrolls
 f - 4 scrolls of identify
Potions
 b - a potion of brilliance
 m - a potion of lignification
Comestibles
 c - 8 rations


   Skills:
 - Level 2.8 Dodging
 - Level 2.1 Stealth
 * Level 4.4 Spellcasting
 * Level 3.2 Conjurations
 * Level 1.7 Air Magic
 - Level 5.1 Poison Magic


You had 8 spell levels left.
You knew the following spells:

 Your Spells              Type           Power        Failure   Level  Hunger
a - Sting                 Conj/Pois      ###.         1%          1    None
b - Poisonous Vapours     Pois/Air       ###...       1%          2    ##.....
c - Mephitic Cloud        Conj/Pois/Air  ###.....     1%          3    ###....

Your spell library contained the following spells:

 Spells                   Type           Power        Failure   Level  Hunger
 Olgreb's Toxic Radiance  Pois           ####....     2%          4    ####...
 Venom Bolt               Conj/Pois      ###.......   10%         5    ######.


Dungeon Overview and Level Annotations

Branches:
Dungeon (6/15)
 Temple: D:4-7

Altars:
Hepliaklqana
Nemelex Xobeh
Trog
Uskayaw
Vehumet

Annotations:
D:4 Pikel
D:6 Prince Ribbit


Innate Abilities, Weirdness & Mutations

((You revert to your normal form in water))
((You are very nimble and swift while swimming.))
((You are very stealthy in the water. (Stealth+)))
You are agile. (Dex +2)
You are dopey. (Int -2)


Message History

The crimson imp shouts!
The centaur shoots an arrow.
The arrow hits you but does no damage.
Casting: Sting (safe; 1% risk of failure)
Confirm with . or Enter, or press ? or * to list all spells.
Aiming: Sting (safe; 1% risk of failure)
Press: ? - help, Shift-Dir - straight line, f/p - crimson imp
Aim: a crimson imp (poisoned)
The sting hits the crimson imp.
The crimson imp is lightly wounded.
The centaur shoots an arrow.
The arrow hits you but does no damage.
Casting: Sting (safe; 1% risk of failure)
Confirm with . or Enter, or press ? or * to list all spells.
Aiming: Sting (safe; 1% risk of failure)
Press: ? - help, Shift-Dir - straight line, f/p - crimson imp
Aim: a crimson imp (lightly wounded, poisoned)
The sting hits the crimson imp.
The crimson imp completely resists.
The crimson imp is lightly wounded.
The centaur shoots an arrow.
The arrow hits you.
You die...
Your body disappears without a glow.

###.#..# #........#
.......#####..#......
#........#######
#........#
##.######.#
...#####...### #.#
#.....!......# #.#
..$####.####.# #.#
### ##..♣..##!.. .#
#.. #..(5...# .####
#.# #.......# # #.#
#....._......# #.#
.5c.#....[..#..# #.#
>#..#.......#..#
######.# ## ##.....##
........... ###.###
########## ... #


You could see a centaur and 2 crimson imps.

Vanquished Creatures
  Blork the orc (D:5)
  A scorpion (D:4)
  3 orc priests
  A jelly (D:5)
  An iguana (D:4)
  2 orc wizards
  2 worker ants (D:4)
  A hound skeleton (D:5)
  4 gnolls
  2 adders
  A shadow imp (D:5)
  3 worms
  3 dart slugs
  A leopard gecko (D:3)
  11 orcs
  6 giant cockroaches
  6 hobgoblins
  10 jackals
  3 quokkas
  A ball python (D:4)
  5 bats
  2 frilled lizards (D:3)
  4 goblins
  A jackal skeleton (D:5)
  3 kobolds
  7 rats
85 creatures vanquished.

Vanquished Creatures (collateral kills)
  A gnoll (D:4)
  A jackal (D:4)
2 creatures vanquished.

Vanquished Creatures (others)
  An orc wizard (D:4)
  An adder skeleton (D:4)
2 creatures vanquished.

Grand Total: 89 creatures vanquished

Notes
Turn   | Place    | Note
-------+----------+-------------------------------------------
     0 | D:1      | psyvane the Merfolk Venom Mage began the quest for the Orb.
     0 | D:1      | Reached XP level 1. HP: 13/13 MP: 3/3
   139 | D:1      | Reached XP level 2. HP: 19/19 MP: 3/5
   143 | D:1      | Learned a level 2 spell: Poisonous Vapours
   162 | D:1      | Reached skill level 4 in Poison Magic
   916 | D:2      | Reached XP level 3. HP: 24/24 MP: 2/6
  1026 | D:2      | Found a hide-covered altar of Uskayaw.
  1259 | D:2      | Found a hazy altar of Hepliaklqana.
  1429 | D:2      | Reached skill level 5 in Poison Magic
  1861 | D:3      | Learned a level 3 spell: Mephitic Cloud
  1942 | D:3      | Reached skill level 1 in Conjurations
  1942 | D:3      | Reached XP level 4. HP: 25/30 MP: 0/7
  2357 | D:3      | Reached XP level 5. HP: 17/35 MP: 0/9
  2479 | D:3      | Reached skill level 1 in Air Magic
  3661 | D:4      | Reached XP level 6. HP: 41/41 MP: 0/10
  3791 | D:4      | Found a sparkling altar of Nemelex Xobeh.
  3813 | D:4      | Became a worshipper of Nemelex Xobeh the Trickster
  3816 | D:4      | Received a gift from Nemelex Xobeh
  3940 | D:4      | Found a radiant altar of Vehumet.
  4065 | D:4      | Noticed Pikel
  4065 | D:4      | Noticed a slave
  4066 | D:4      | Noticed an insubstantial wisp
  4066 | D:4      | Noticed a slave
  4068 | D:4      | Noticed a slave
  4070 | D:4      | Noticed a slave
  4349 | D:3      | You fall through a shaft for 3 floors!
  4354 | D:6      | Noticed an orc warrior
  4371 | D:6      | Noticed Prince Ribbit
  4388 | D:5      | Entered Level 5 of the Dungeon
  4464 | D:5      | Noticed Blork the orc
  4484 | D:5      | Killed Blork the orc
  4484 | D:5      | Reached XP level 7. HP: 39/46 MP: 1/13
  4731 | D:5      | Found a bloodstained altar of Trog.
  4753 | D:5      | Gained mutation: You are dopey. (Int -2) [potion of
                  | mutation]
  4753 | D:5      | Gained mutation: You are agile. (Dex +2) [potion of
                  | mutation]
  4755 | D:5      | HP: 3/69 [centaur/arrow (8)]
  4762 | D:5      | Shot with an arrow by a centaur

Skill      XL: |  1  2  3  4  5  6 |
---------------+-------------------+-----
Poison Magic   | 4 5 |  5.1
Conjurations   | 1 2 3 |  3.2
Air Magic      | 1 |  1.7
Spellcasting   | 3 4 |  4.4
Dodging        | |  2.8
Stealth        | |  2.1

Action                   |  1- 3 |  4- 6 |  7- 9 || total
-------------------------+-------+-------+-------++-------
Melee: Unarmed           |     9 |       |       ||     9
       Dagger            |    24 |    25 |       ||    49
       Trident           |       |    50 |    94 ||   144
 Cast: Sting             |    62 |   104 |    14 ||   180
       Poisonous Vapours |       |     6 |       ||     6
       Mephitic Cloud    |       |     2 |       ||     2
 Abil: Draw Destruction  |       |     5 |       ||     5
       Draw Escape       |       |     1 |       ||     1
       Draw Summoning    |       |     1 |       ||     1
  Use: Scroll            |     2 |     8 |       ||    10
       Potion            |       |       |     7 ||     7
  Eat: Chunk             |     4 |     9 |       ||    13
       Ration            |       |       |     1 ||     1
Armor: Robe              |     3 |       |       ||     3
       Leather armour    |     7 |    37 |    35 ||    79
       Skin              |       |       |     6 ||     6
Dodge: Dodged            |    23 |    78 |    61 ||   162
